 Dungeon Crawl Stone Soup version 0.26.1-15-g04117e645d (webtiles) character file.

Game seed: 6129893049218762478

1645195 feta the Phalangite (level 27, 213/213 HPs)
             Began as a Formicid Fighter on Feb 21, 2022.
             Was the Champion of Okawaru.
             Escaped with the Orb
             ... and 3 runes on Feb 22, 2022!
             The game lasted 04:04:57 (80214 turns).

feta the Phalangite (Formicid Fighter)             Turns: 80214, Time: 04:04:57

Health: 213/213    AC: 51    Str: 37    XL:     27
Magic:  36/36      EV:  9    Int: 27    God:    Okawaru [******]
Gold:   7845       SH: 37    Dex: 20    Spells: 21/44 levels left

rFire    + + .     SeeInvis +   a - +9 bardiche (spect)
rCold    + . .     Faith    .   J - +8 tower shield {rF+}
rNeg     + . .     Spirit   +   g - +18 crystal plate armour of Dice, Bag, and Bottle {Str+6 Slay+3}
rPois    .         Reflect  .   (helmet unavailable)
rElec    .         Harm     .   x - scarf {rC+ rF+}
rCorr    .         Rampage  +   c - +2 pair of gloves {Dex+3}
Will     +++..     Clarity  +   P - +2 pair of boots {rampage}
Stlth    ..........             V - amulet of guardian spirit
HPRegen  0.45/turn              v - ring of the Trout {rN+ Will+ Str+4 Int+4 Stlth+}
MPRegen  0.25/turn              X - ring "Itsital" {*Drain Int+6 Dex+7}

@: no status effects
A: permanent stasis, dig shafts and tunnels, four strong arms, antennae 3,
talons 1, iridescent scales 1, large bone plates 1, clarity, frail 1, screaming
1, strong 1, MP-powered wands
0: Orb of Zot
}: 3/15 runes: barnacled, silver, gossamer
a: Dig, Shaft Self, Renounce Religion, Heroism, Finesse


You escaped.
You worshipped Okawaru.
Okawaru was exalted by your worship.
You visited 9 branches of the dungeon, and saw 49 of its levels.
You also visited: Sewer, Ice Cave and Wizlab.

You collected 9654 gold pieces.
You spent 1809 gold pieces at shops.

Inventory:

Hand Weapons
 a - a +9 spectral bardiche (weapon)
 b - the +10 shortbow of Okawaru's Approval {freeze, +Inv rElec Int+3 Dex+2}
   (Okawaru gifted it to you on level 2 of the Vaults)

   It causes projectiles fired from it to freeze those they strike, causing
   extra injury to most foes and up to half again as much damage against
   particularly susceptible opponents.
   They can also slow down cold-blooded creatures.
   It affects your intelligence (+3).
   It affects your dexterity (+2).
   It insulates you from electricity.
   It lets you turn invisible.
 w - a +5 quick blade
Missiles
 e - 2071 arrows
 l - a throwing net
 n - 11 poisoned darts
 q - 30 silver boomerangs
 N - 38 silver javelins
 O - 16 curare-tipped darts (quivered)
Armour
 c - a +2 pair of gloves of dexterity (worn)
 g - the +18 crystal plate armour of Dice, Bag, and Bottle (worn) {Str+6 Slay+3}
   (Okawaru gifted it to you on level 11 of the Dungeon)

   It affects your strength (+6).
   It affects your accuracy and damage with ranged weapons and melee attacks
   (+3).
 p - +1 storm dragon scales
 x - a scarf of resistance (worn)
 H - the +0 pair of gloves of the Camelopard {+Blink Regen+ Dex+3, unknown}
   (Okawaru gifted it to you on level 5 of the Realm of Zot)

   It affects your dexterity (+3).
   It lets you blink.
   It increases your rate of regeneration.
 J - a +8 tower shield of fire resistance (worn)
 P - a +2 pair of boots of rampaging (worn)
Jewellery
 v - the ring of the Trout (left hand) {rN+ Will+ Str+4 Int+4 Stlth+}
   (You found it in an ice cave)

   [ring of stealth]

   It affects your strength (+4).
   It affects your intelligence (+4).
   It protects you from negative energy.
   It affects your willpower, your defense against some magical effects.
   It makes you more stealthy.
 V - an amulet of guardian spirit (around neck)
 X - the ring "Itsital" (right hand) {*Drain Int+6 Dex+7}
   (You found it on level 14 of the Dungeon)

   [ring of intelligence]

   It affects your intelligence (+6).
   It affects your dexterity (+7).
   It causes draining when unequipped.
Wands
 k - a wand of paralysis (73)
 o - a wand of flame (113)
 y - a wand of acid (74)
 E - a wand of random effects (17)
 G - a wand of iceblast (47)
 L - a wand of polymorph (48)
 Q - a wand of disintegration (68)
Scrolls
 d - a scroll of fog
 f - 14 scrolls of identify
 m - 3 scrolls of remove curse
 z - 6 scrolls of summoning
 C - 5 scrolls of magic mapping
 D - a scroll of brand weapon
 K - 15 scrolls of fear
Potions
 i - 34 potions of curing
 j - a potion of ambrosia
 r - a potion of magic
 s - 2 potions of heal wounds
 t - a potion of brilliance
 u - 2 potions of invisibility
 A - 2 potions of resistance
 F - 3 potions of might
Miscellaneous
 h - a box of beasts
 B - a tin of tremorstones (2/2)
 I - a phial of floods
 S - a phantom mirror
 U - a lightning rod (4/4)
 Y - a condenser vane


   Skills:
 + Level 23.9 Fighting
 + Level 14.9 Maces & Flails
 + Level 24.2 Polearms
 + Level 15.5 Bows
 + Level 16.2 Armour
 + Level 2.6 Dodging
 - Level 2.8 Stealth
 + Level 17.1 Shields
 - Level 9.0 Spellcasting
 * Level 10.0 Conjurations
 + Level 3.5 Necromancy
 * Level 10.5 Fire Magic
 * Level 14.4 Earth Magic
 - Level 15.0 Invocations
 - Level 15.0 Evocations


You had 21 spell levels left.
You knew the following spells:

 Your Spells              Type           Power        Failure   Level
a - Fireball              Conj/Fire      30%          17%         5
b - Dispel Undead         Necr           31%          69%         4
d - Lee's Rapid Deconstr  Erth           37%          3%          5
h - Shatter               Erth           37%          100%        9

Your spell library contained the following spells:

 Spells                   Type           Power        Failure   Level
 Sandblast                Erth           100%         1%          1
 Conjure Flame            Conj/Fire      61%          1%          3
 Stone Arrow              Conj/Erth      100%         1%          3
 Passwall                 Tmut/Erth      41%          3%          2
 Shock                    Conj/Air       100%         5%          1
 Animate Skeleton         Necr           62%          10%         1
 Pain                     Necr           100%         10%         1
 Bolt of Magma            Conj/Fire/Erth 33%          10%         5
 Sublimation of Blood     Necr           15%          16%         2
 Dazzling Flash           Conj/Hex       78%          16%         3
 Static Discharge         Conj/Air       39%          16%         3
 Leda's Liquefaction      Hex/Erth       25%          22%         4
 Petrify                  Tmut/Erth      50%          22%         4
 Corpse Rot               Necr/Air       N/A          30%         2
 Ignite Poison            Fire/Tmut/Pois 31%          30%         3
 Vampiric Draining        Necr           15%          30%         3
 Borgnjor's Vile Clutch   Necr/Erth      28%          30%         5
 Mephitic Cloud           Conj/Pois/Air  30%          32%         3
 Beastly Appendage        Tmut           24%          38%         1
 Corona                   Hex            13%          38%         1
 Sting                    Tmut/Pois      48%          38%         1
 Summon Small Mammal      Summ           48%          38%         1
 Iron Shot                Conj/Erth      33%          38%         6
 Iskenderun's Mystic Bla  Conj/Tloc      39%          47%         4
 Call Imp                 Summ           12%          54%         2
 Ensorcelled Hibernation  Hex/Ice        24%          54%         2
 Poisonous Vapours        Pois/Air       24%          54%         2
 Wereblood                Tmut           12%          54%         2
 Starburst                Conj/Fire      30%          67%         6
 Animate Dead             Necr           15%          69%         4
 Call Canine Familiar     Summ           12%          77%         3
 Confusing Touch          Hex            12%          77%         3
 Gell's Gravitas          Tloc           6%           77%         3
 Portal Projectile        Hex/Tloc       24%          77%         3
 Spider Form              Tmut/Pois      6%           77%         3
 Summon Guardian Golem    Hex/Summ       12%          77%         3
 Tukima's Dance           Hex            12%          77%         3
 Irradiate                Conj/Tmut      19%          83%         5
 Lightning Bolt           Conj/Air       19%          83%         5
 Agony                    Necr           31%          95%         5
 Excruciating Wounds      Necr           15%          95%         5
 Statue Form              Tmut/Erth      33%          98%         6
 Airstrike                Air            6%           99%         4
 Cause Fear               Hex            6%           99%         4
 Ice Form                 Ice/Tmut       12%          99%         4
 Olgreb's Toxic Radiance  Pois           12%          99%         4
 Summon Ice Beast         Ice/Summ       12%          99%         4
 Summon Lightning Spire   Summ/Air       12%          99%         4
 Alistair's Intoxication  Tmut/Pois      8%           100%        5
 Blade Hands              Tmut           6%           100%        5
 Metabolic Englaciation   Hex/Ice        6%           100%        5
 Silence                  Hex/Air        6%           100%        5
 Summon Demon             Summ           6%           100%        5
 Summon Forest            Summ/Tloc      6%           100%        5
 Summon Mana Viper        Hex/Summ       12%          100%        5
 Yara's Violent Unravell  Hex/Tmut       6%           100%        5
 Conjure Ball Lightning   Conj/Air       19%          100%        6
 Death Channel            Necr           15%          100%        6
 Dispersal                Tloc           6%           100%        6
 Freezing Cloud           Conj/Ice/Air   15%          100%        6
 Hydra Form               Tmut           6%           100%        6
 Shadow Creatures         Summ           N/A          100%        6
 Simulacrum               Ice/Necr       10%          100%        6
 Dragon Form              Tmut           6%           100%        7
 Malign Gateway           Summ/Tloc      6%           100%        7
 Spellforged Servitor     Conj/Summ      19%          100%        7
 Chain Lightning          Conj/Air       19%          100%        8
 Discord                  Hex            6%           100%        8
 Disjunction              Tloc           6%           100%        8
 Ignition                 Fire           31%          100%        8
 Lehudib's Crystal Spear  Conj/Erth      33%          100%        8
 Absolute Zero            Ice            6%           100%        9
 Fire Storm               Conj/Fire      30%          100%        9
 Tornado                  Air            6%           100%        9
 Swiftness                Air            Unusable     N/A         2

Dungeon Overview and Level Annotations

Branches:
Dungeon (15/15)            Temple (0/1) D:7            Lair (6/6) D:10
 Shoals (4/4) Lair:2       Spider (4/4) Lair:4        Slime (0/5) Lair:5
    Orc (2/2) D:10            Elf (3/3) Orc:2        Vaults (5/5) D:13
  Crypt (0/3) Vaults:2     Depths (5/5) D:15            Zot (5/5) Depths:5
  Sewer (visited)           IceCv (visited)          WizLab (visited)

Altars:
Ashenzari
Cheibriados
Hepliaklqana
Kikubaaqudgha
Okawaru
Qazlal
Sif Muna
Vehumet
Yredelemnul
Zin
Beogh
Lugonu

Shops:
D:13 *   Orc:2 ([*:   Elf:1 (!   Elf:3 *   Vaults:2 *   Vaults:3 *
Vaults:5 (*

Portals:
Hell: Depths:1 Depths:2 Depths:3 Depths:4 Depths:5
Abyss: Depths:4 Depths:5
Pandemonium: Depths:3
Ziggurat: Depths:1
Trove: Depths:2 (give +3 storm dragon scales)

Annotations:
Zot:3 2 transporters, Flapstick's ghost, legendary HaBe


Innate Abilities, Weirdness & Mutations

You cannot be hasted, slowed, berserked, paralysed or teleported.
You can dig through walls and to a lower floor.
Your four strong arms can wield two-handed weapons with a shield.
You have a pair of large antennae on your head. (SInv)
You have sharp toenails.
You are partially covered in iridescent scales. (AC +2)
You are partially covered in large bone plates. (SH +4)
You possess an exceptional clarity of mind.
You are frail. (-10% HP)
You occasionally shout uncontrollably at your foes.
Your muscles are strong. (Str +2)
You expend magic power (3 MP) to strengthen your wands.


Message History

There is a stone staircase leading down here.
You see here an uncursed ring of attention.
A blizzard demon comes into view.
You can't go up here!
Unknown command.
There is a stone staircase leading up here.
You climb upwards.
There is a stone staircase leading down here.
You extend your mandibles.
You dig through the rock wall.
You dig through the rock wall.
You dig through the rock wall.
You retract your mandibles.
A chaos spawn comes into view.
There is a stone staircase leading up here.
You climb upwards.
There is a stone staircase leading down here.
You see here a ring mail.
There is a staircase leading out of the dungeon here.
You have escaped!

....#.....≈≈≈.......# #..)...)[#
....#......≈........# #####..###
...##...............# ###.)...
..###.........####### ##...#..#
### ##.......##≈##≈## ##).##....
## ##.....##≈.≈≈♣≈####..##..###
.# ###.###≈.8.♣8♣≈##..##..## .###
#...##≈...♣.##..##..## ...#
#.#.....@.....####.## ##.##
#.####≈P..P.######.# #..#
#.###≈P8PP8P≈###...#
##.#####.#.##≈P≈≈P≈###..### #
#.........###≈##≈###..## #
###...###.### ###### #.## #
....#..##.############.##########
.................................
######..#.##########...######.###


There were no monsters in sight!

Vanquished Creatures
  Mennas (Vaults:4)
  6 orbs of fire (Zot:5)
  7 ancient liches (Zot:5)
  4 juggernauts
  Boris (twice) (Vaults:2 Vaults:4)
  4 Killer Klowns
  Saint Roka (Vaults:4)
  3 curse toes
  9 golden dragons
  A mutant beast (WizLab)
  2 electric golems (Zot:5)
  19 tentacled monstrosities
  25 Orb Guardians (Zot:5)
  3 deep elf blademasters
  The ghost of Xaigour the Warrior, an adept TeSu of Ashenzari (Elf:1)
  4 titans
  8 quicksilver dragons
  The ghost of Xystreqa the Spry, an adept DEWz of Sif Muna (Vaults:1)
  3 liches
  An Executioner (D:14)
  A deep elf master archer (Elf:3)
  The ghost of RepoMan the Imperceptible, an adept KoDe of Wu Jian (Elf:3)
  3 sphinxes
  Agnes (Spider:1)
  10 death cobs
  8 tengu reavers
  16 storm dragons
  9 shadow dragons
  A daeva (Depths:1)
  A fire giant (shapeshifter) (D:15)
  7 frost giants
  9 emperor scorpions
  12 deep elf sorcerers
  9 fire giants
  6 draconian monks
  7 ghost moths
  14 vault wardens
  6 draconian knights
  4 draconian shifters
  3 iron dragons
  7 draconian stormcallers
  2 orc warlords
  A draconian scorcher (Zot:2)
  An angel (Depths:1)
  4 deep elf elementalists
  Aizul (Shoals:1)
  3 draconian annihilators
  18 ironheart preservers
  2 war gargoyles
  21 stone giants
  3 spriggan defenders (Depths:3)
  23 very ugly things
  A juggernaut skeleton (D:15)
  5 vampire knights
  Azrael (Spider:2)
  8 green draconians
  18 red draconians
  11 black draconians
  11 deep elf annihilators
  An entropy weaver (Spider:3)
  2 minotaurs (Elf:3)
  10 deep elf demonologists
  15 white draconians
  9 yellow draconians
  9 purple draconians
  10 spark wasps (Depths:3)
  24 ettins
  3 merfolk javelineers
  10 deep elf death magi
  11 fire dragons
  11 merfolk impalers
  8 large abominations
  A blizzard demon (Depths:1)
  Josephine (Lair:5)
  The ghost of DildoBatman the Geomancer, a journeyman FoCj of Kikubaaqudgha (Orc:2)
  19 yaktaur captains
  18 ogre magi
  9 great orbs of eyes
  9 deep elf high priests
  The ghost of Sensen the Cleaver, a journeyman MiBe of Trog (Orc:1)
  18 boulder beetles
  3 jiangshi (Depths:4)
  Harold (D:10)
  28 vault guards
  5 spriggan air magi
  An ice dragon (shapeshifter) (Vaults:5)
  3 rakshasas
  9 hydras
  2 merfolk avatars (Shoals:4)
  13 ice dragons
  14 centaur warriors
  An anaconda (shapeshifter) (Vaults:4)
  6 death knights
  57 two-headed ogres
  2 tengu warriors
  Erica (D:9)
  A satyr (Shoals:3)
  4 merfolk aquamancers (Shoals:4)
  7 death yaks
  29 dancing weapons
  7 deep troll shamans
  3 deep troll earth magi
  4 vampire magi
  5 orc high priests
  13 spriggan berserkers
  A naga sharpshooter (D:13)
  3 sun demons
  24 deep elf knights
  Sonja (D:10)
  2 iron trolls (Depths:3)
  An iron golem (WizLab)
  2 soul eaters
  2 shadow wraiths
  A fire crab (shapeshifter) (WizLab)
  An unseen horror (shapeshifter) (WizLab)
  A hell knight (Depths:4)
  13 skeletal warriors
  3 unseen horrors
  2 glowing orange brains
  14 sea snakes
  24 deep trolls
  15 deep elf archers
  7 wizards
  7 flayed ghosts
  An obsidian statue (Depths:1)
  15 ironbrand convokers
  A shadow dragon zombie (Depths:1)
  18 orc knights
  26 harpies
  5 phantasmal warriors
  2 harpies (shapeshifter)
  10 necromancers
  22 orb spiders
  26 wolf spiders
  A lindwurm (Lair:6)
  An orb spider (shapeshifter) (WizLab)
  A lindwurm (shapeshifter) (Vaults:5)
  5 orc sorcerers
  60 ugly things
  3 wolf spider zombies (Spider:2)
  88 deep elf magi
  A moth of wrath (shapeshifter) (Depths:4)
  17 fauns
  A stone giant zombie (Depths:1)
  A fire giant zombie (D:15)
  A frost giant skeleton (Depths:1)
  A salamander (Depths:5)
  19 manticores
  2 tengu skeletons
  25 moths of wrath
  8 cyclopes
  2 black mambas
  9 water nymphs
  18 vault sentinels
  The ghost of RepoMan the Conjurer, a novice GrAE of Qazlal (D:6)
  6 merfolk sirens
  An elephant (shapeshifter) (Depths:2)
  10 elephants
  A guardian serpent (shapeshifter) (Depths:5)
  2 human skeletons
  2 spriggan zombies
  4 gargoyles
  A black mamba (shapeshifter) (WizLab)
  A stone giant skeleton (Vaults:1)
  An ice statue (IceCv)
  5 spectral swamp worms (Depths:2)
  2 orange demons (Depths:1)
  An emperor scorpion zombie (Spider:2)
  4 torpor snails
  19 demonic crawlers
  58 yaktaurs
  7 freezing wraiths
  17 cane toads
  9 komodo dragons
  2 kobold demonologists (D:15)
  A rime drake (shapeshifter) (WizLab)
  2 elves (WizLab)
  A komodo dragon (shapeshifter) (Depths:2)
  A guardian mummy (D:14)
  A hellwing (Depths:5)
  A jumping spider (shapeshifter) (Vaults:2)
  3 tengu conjurers (Depths:3)
  An ice devil (Depths:1)
  2 red devils (Depths:1)
  24 jumping spiders
  27 polar bears
  A troll (shapeshifter) (WizLab)
  A wind drake (shapeshifter) (WizLab)
  3 polar bears (shapeshifter)
  6 trolls
  4 tyrant leeches (Spider:3)
  2 jumping spider zombies (Spider:2)
  24 merfolk
  2 queen bees (shapeshifter)
  4 wind drakes
  A tyrant leech (shapeshifter) (Vaults:4)
  Grinder (D:5)
  2 hornets (shapeshifter) (WizLab)
  14 blink frogs
  10 dream sheep
  A raiju (shapeshifter) (Depths:3)
  21 hornets
  2 raiju (Lair:6)
  A blink frog (shapeshifter) (WizLab)
  49 slime creatures
  A frost giant simulacrum (Vaults:1)
  A tarantella zombie (Spider:2)
  An ettin zombie (Depths:1)
  A stone giant simulacrum (Vaults:2)
  4 snapping turtles
  Sigmund (D:5)
  2 air elementals
  A boulder beetle zombie (Spider:2)
  An ice dragon skeleton (Depths:1)
  103 redbacks
  7 water elementals
  A fire giant simulacrum (Vaults:3)
  2 centaur simulacra (D:15)
  2 spriggans (shapeshifter) (WizLab)
  54 yaks
  11 spriggans
  Eustachio (D:5)
  16 tarantellas
  A yak (shapeshifter) (WizLab)
  2 shadows
  6 fire elementals
  A deep troll skeleton (Depths:1)
  3 hogs (shapeshifter) (WizLab)
  3 tarantellas (shapeshifter)
  6 wyverns
  2 vampires
  8 wraiths
  22 humans
  A human (shapeshifter) (WizLab)
  2 basilisks (shapeshifter)
  4 golden eyes (shapeshifter)
  6 basilisks
  A steam dragon (D:11)
  An elf skeleton (Vaults:1)
  2 human simulacra (Vaults:2)
  Menkaure (D:5)
  4 vampire mosquitoes
  8 soldier ants
  A soldier ant (shapeshifter) (Depths:2)
  15 wargs
  2 nagas (D:13)
  6 floating eyes
  16 hell hounds
  11 water moccasins
  A black bear (shapeshifter) (WizLab)
  6 ice beasts
  3 sky beasts
  A necrophage (D:12)
  56 orc warriors
  4 phantoms
  14 black bears
  An eye of draining (D:12)
  A fire dragon simulacrum (Depths:1)
  A swamp drake (shapeshifter) (Vaults:5)
  12 boggarts
  A boggart (shapeshifter) (Vaults:5)
  46 wolves
  18 centaurs
  55 ogres
  An elf simulacrum (Vaults:1)
  Blork the orc (D:6)
  8 big kobolds
  19 bullfrogs
  4 earth elementals (Elf:3)
  2 yaktaur zombies
  A scorpion (shapeshifter) (Depths:3)
  A water moccasin skeleton (D:12)
  13 small abominations
  15 scorpions
  8 killer bees
  24 wights
  2 howler monkeys
  An electric eel (D:14)
  4 centaur zombies
  5 crimson imps
  A bullfrog zombie (D:12)
  A centaur skeleton (D:8)
  10 jellies
  7 hounds
  Crazy Yiuf (D:6)
  24 orc priests
  30 orc wizards
  2 iron imps (Depths:1)
  An iguana (D:9)
  Terence (D:3)
  23 worker ants
  A killer bee zombie (D:8)
  A hound skeleton (D:6)
  13 adders
  7 gnolls
  A river rat (Sewer)
  A hound simulacrum (D:6)
  2 shadow imps (Depths:1)
  25 white imps
  3 ufetubi
  17 oozes
  An adder skeleton (D:6)
  An adder zombie (D:6)
  5 worms
  A dart slug (D:1)
  4 leopard geckos
  120 orcs
  7 giant cockroaches
  9 goblins
  12 hobgoblins
  4 jackals
  7 quokkas
  2 ball pythons (D:6)
  6 bats
  4 frilled lizards
  30 kobolds
  A leopard gecko skeleton (D:5)
  A leopard gecko zombie (D:7)
  8 rats
  14 crawling corpses
  A fungus (Depths:1)
2758 creatures vanquished.

Vanquished Creatures (others)
  A yellow draconian (Zot:1)
  A merfolk aquamancer (Shoals:4)
  A shadow wraith (Vaults:1)
  A polar bear (IceCv)
  A jumping spider (Spider:4)
  A redback (Spider:3)
  2 yaks (IceCv)
  A wolf (IceCv)
  2 crimson imps (Depths:1)
  A bush (Lair:6)
  49 fungi
  108 plants
  4 toadstools (D:1)
  2 withered plants (D:15)
175 creatures vanquished.

Grand Total: 2933 creatures vanquished

Notes
Turn   | Place    | Note
-------+----------+-------------------------------------------
     0 | D:1      | feta the Formicid Fighter began the quest for the Orb.
     0 | D:1      | Reached XP level 1. HP: 18/18 MP: 1/1
    44 | D:1      | Reached XP level 2. HP: 21/24 MP: 2/2
   327 | D:1      | Reached XP level 3. HP: 24/29 MP: 3/3
  1024 | D:2      | Reached XP level 4. HP: 20/37 MP: 4/4
  1512 | D:2      | Reached skill level 3 in Polearms
  1769 | D:2      | Found a glowing silver altar of Zin.
  1898 | D:2      | Reached XP level 5. HP: 42/42 MP: 5/5
  2113 | D:3      | Noticed Terence
  2700 | D:3      | Found a shimmering blue altar of Sif Muna.
  2726 | D:3      | Reached XP level 6. HP: 44/48 MP: 6/6
  2770 | D:3      | Killed Terence
  2771 | D:3      | Reached skill level 4 in Polearms
  3371 | D:4      | Got a jewelled shortbow
  3372 | D:4      | Identified the +9 shortbow of Qiurgheun {flame, Dex+2} (You
                  | found it on level 4 of the Dungeon)
  3519 | D:4      | Reached skill level 5 in Shields
  3643 | D:4      | Found a glowing drain.
  3653 | Sewer    | Entered a sewer
  3783 | Sewer    | Found a glowing silver altar of Zin.
  3845 | D:4      | Found a radiant altar of Vehumet.
  3852 | D:4      | Noticed a phantom
  3905 | D:4      | Killed a phantom
  3906 | D:4      | Reached XP level 7. HP: 30/54 MP: 7/7
  3933 | D:4      | Reached skill level 1 in Bows
  4217 | D:4      | Reached skill level 1 in Dodging
  4315 | D:4      | Reached XP level 8. HP: 61/61 MP: 8/8
  4319 | D:4      | Found an iron altar of Okawaru.
  4354 | D:4      | Became a worshipper of Warmaster Okawaru
  4594 | D:5      | Entered Level 5 of the Dungeon
  4609 | D:5      | Reached skill level 5 in Polearms
  4631 | D:5      | Noticed Eustachio
  4667 | D:5      | Killed Eustachio
  4668 | D:5      | Reached skill level 5 in Armour
  4923 | D:5      | Noticed Menkaure
  4925 | D:5      | Killed Menkaure
  5035 | D:5      | Noticed a torpor snail
  5037 | D:5      | Found a snail-covered altar of Cheibriados.
  5037 | D:5      | Noticed a torpor snail
  5040 | D:5      | Noticed a torpor snail
  5049 | D:5      | Noticed Grinder
  5057 | D:5      | Killed Grinder
  5057 | D:5      | Reached * piety under Okawaru
  5063 | D:5      | Noticed Sigmund
  5070 | D:5      | Reached skill level 5 in Fighting
  5070 | D:5      | Killed Sigmund
  5071 | D:5      | Reached XP level 9. HP: 64/68 MP: 9/9
  5444 | D:6      | Noticed Blork the orc
  5450 | D:6      | Killed Blork the orc
  5663 | D:6      | Found a transporter.
  5663 | D:6      | Noticed RepoMan's ghost (novice GrAE)
  5672 | D:6      | Reached ** piety under Okawaru
  5919 | D:6      | Found a transporter.
  6069 | D:6      | Found a runed translucent door.
  6070 | D:6      | Noticed Crazy Yiuf
  6086 | D:6      | You fall into a shaft and drop 1 floor!
  6260 | D:7      | Reached skill level 6 in Polearms
  6680 | D:7      | Reached skill level 5 in Bows
  6707 | D:7      | Found a staircase to the Ecumenical Temple.
  6868 | D:6      | Got an iridescent mace
  6983 | D:7      | Reached XP level 10. HP: 74/74 MP: 10/10
  7149 | D:7      | Found a stormy altar of Qazlal.
  7412 | D:8      | Reached skill level 1 in Invocations
  7418 | D:8      | Reached *** piety under Okawaru
  7816 | D:8      | Received a gift from Okawaru
  7842 | D:8      | Found a transporter.
  7842 | D:8      | Found a basalt altar of Yredelemnul.
  7844 | D:8      | Found a transporter.
  7848 | D:8      | Noticed a death knight
  7864 | D:8      | Found an ancient bone altar of Kikubaaqudgha.
  7883 | D:8      | Noticed a centaur warrior
  7903 | D:8      | Killed a centaur warrior
  8179 | D:8      | Noticed a skeletal warrior
  8456 | D:9      | Noticed Erica
  8480 | D:9      | Killed Erica
  8480 | D:9      | Reached **** piety under Okawaru
  8481 | D:9      | Reached skill level 10 in Shields
  8733 | D:9      | Received a gift from Okawaru
  8774 | D:9      | Reached XP level 11. HP: 55/81 MP: 14/14
  8960 | D:9      | Got a steaming chain mail
  8971 | D:9      | Identified the +8 chain mail of Depression {Str+3 Int+2}
                  | (You found it on level 9 of the Dungeon)
  9105 | D:9      | Reached skill level 7 in Polearms
  9146 | D:9      | Found a hazy altar of Hepliaklqana.
  9360 | D:9      | Reached skill level 5 in Invocations
  9720 | D:6      | Killed Crazy Yiuf
  9781 | D:6      | Killed RepoMan's ghost
  9979 | D:10     | Entered Level 10 of the Dungeon
  9983 | D:10     | Noticed Sonja
 10047 | D:10     | Killed Sonja
 10188 | D:10     | Noticed a manticore
 10191 | D:10     | Killed a manticore
 10338 | D:10     | Reached ***** piety under Okawaru
 10342 | D:10     | Found a staircase to the Orcish Mines.
 10581 | D:10     | Received a gift from Okawaru
 10607 | D:10     | Found a staircase to the Lair.
 10707 | D:11     | Noticed a purple ugly thing
 10719 | D:11     | Killed a purple ugly thing
 10784 | D:11     | Identified the +2 mace of Distraction {antimagic, Str+4}
                  | (You found it on level 6 of the Dungeon)
 10956 | D:11     | Noticed an unseen horror
 10968 | D:11     | Killed an unseen horror
 10976 | D:11     | Received a gift from Okawaru
 10987 | D:11     | Reached XP level 12. HP: 88/91 MP: 16/16
 11001 | D:11     | Received a gift from Okawaru
 11013 | D:11     | Got an ichor-stained crystal plate armour {god gift}
 11024 | D:11     | Identified the +18 crystal plate armour of Dice, Bag, and
                  | Bottle {Str+6 Slay+3} (Okawaru gifted it to you on level 11
                  | of the Dungeon)
 11674 | D:12     | Noticed an unseen horror
 11682 | D:12     | Killed an unseen horror
 11779 | D:12     | Noticed a two-headed ogre
 11783 | D:12     | Killed a two-headed ogre
 11784 | D:12     | Reached skill level 8 in Polearms
 11875 | D:12     | Found a runed translucent door.
 11875 | D:12     | Noticed an unseen horror
 11947 | D:12     | Found a runed translucent door.
 12000 | D:12     | Found a runed translucent door.
 12200 | D:12     | Noticed a deep troll
 12242 | D:12     | Killed a deep troll
 12355 | D:12     | Got a glimmering ring mail
 12365 | D:12     | Got a brightly glowing hand axe
 12725 | D:10     | Identified the +8 hand axe of Atueride {vorpal, +Inv rN+}
                  | (You found it on level 12 of the Dungeon)
 12737 | D:10     | Identified the cursed +1 ring mail of the Desert {rF+} (You
                  | found it on level 12 of the Dungeon)
 12883 | Lair:1   | Entered Level 1 of the Lair of Beasts
 12967 | Lair:1   | Reached XP level 13. HP: 98/98 MP: 19/19
 13010 | Lair:1   | Reached skill level 9 in Polearms
 13493 | Lair:1   | Received a gift from Okawaru
 13632 | Lair:1   | You fall into a shaft and drop 1 floor!
 13931 | Lair:2   | Found a staircase to the Shoals.
 14049 | Lair:2   | Noticed a four-headed hydra
 14054 | Lair:2   | Killed a four-headed hydra
 14054 | Lair:2   | Received a gift from Okawaru
 14571 | Lair:3   | Reached ****** piety under Okawaru
 14571 | Lair:3   | Received a gift from Okawaru
 14865 | Lair:3   | Received a gift from Okawaru
 15382 | Lair:4   | Reached XP level 14. HP: 106/106 MP: 21/21
 15419 | Lair:4   | Found a hole to the Spider Nest.
 15476 | Lair:4   | Reached skill level 10 in Polearms
 15690 | Lair:4   | Got an ancient trident
 15691 | Lair:4   | Identified the cursed +0 trident "Esah" {antimagic, Str+5
                  | Int+6 Stlth+} (You found it on level 4 of the Lair of
                  | Beasts)
 15831 | Lair:4   | Received a gift from Okawaru
 16373 | Lair:5   | Noticed Josephine
 16379 | Lair:5   | Killed Josephine
 16379 | Lair:5   | Received a gift from Okawaru
 16380 | Lair:5   | Reached skill level 10 in Invocations
 16662 | Lair:5   | Got a transparent chain mail
 16692 | Lair:5   | Reached skill level 10 in Bows
 16914 | Lair:5   | Found a staircase to the Slime Pits.
 17389 | Lair:6   | Entered Level 6 of the Lair of Beasts
 17754 | Lair:6   | Reached skill level 15 in Shields
 17762 | Lair:6   | Received a gift from Okawaru
 17832 | Lair:6   | Got a bloodstained scale mail {god gift}
 18134 | Lair:6   | Reached XP level 15. HP: 108/115 MP: 12/23
 18213 | Lair:6   | Reached skill level 11 in Polearms
 18563 | Lair:6   | Reached skill level 10 in Fighting
 20160 | D:10     | Identified the +1 scale mail of Gestures {rPois} (Okawaru
                  | gifted it to you on level 6 of the Lair of Beasts)
 20170 | D:10     | Identified the +5 chain mail of Mezcal {Regen+ Str+8 Dex+2
                  | Stlth-} (You found it on level 5 of the Lair of Beasts)
 20223 | Orc:1    | Entered Level 1 of the Orcish Mines
 20227 | Orc:1    | Noticed Harold
 20248 | D:10     | Killed Harold
 20382 | Orc:1    | Received a gift from Okawaru
 20427 | Orc:1    | Found a frozen archway.
 20438 | IceCv    | Entered an ice cave
 20683 | IceCv    | Got a fine ivory ring
 20697 | IceCv    | Identified the ring of the Trout {rN+ Will+ Str+4 Int+4
                  | Stlth+} (You found it in an ice cave)
 20898 | IceCv    | Reached skill level 12 in Polearms
 20972 | IceCv    | Received a gift from Okawaru
 21126 | IceCv    | Noticed a frost giant
 21146 | IceCv    | Killed a frost giant
 21638 | Orc:1    | Found a transporter.
 21639 | Orc:1    | Noticed Sensen's ghost (journeyman MiBe)
 21640 | Orc:1    | Identified the +5 great mace of Glory {spect, +Blink}
 21641 | Orc:1    | Identified the +5 great mace of Glory {spect, +Blink}
 21647 | Orc:1    | Found a transporter.
 21943 | Orc:2    | Entered Level 2 of the Orcish Mines
 21976 | Orc:2    | Found a runed translucent door.
 22257 | Orc:2    | Found Uczyothragri's Antique Weapon Shoppe.
 22278 | Orc:2    | Reached XP level 16. HP: 124/124 MP: 25/25
 22451 | Orc:2    | Found Plog's Antique Armour Shoppe.
 22452 | Orc:2    | Found Abeheaxeb's General Store.
 22494 | Orc:2    | Bought a scroll of silence for 120 gold pieces
 22494 | Orc:2    | Bought a scroll of remove curse for 48 gold pieces
 22581 | Orc:2    | Found Wizoruoq's Book Boutique.
 22880 | Orc:2    | Found a staircase to the Elven Halls.
 22970 | Orc:2    | Found a transporter.
 22970 | Orc:2    | Noticed DildoBatman's ghost (journeyman FoCj)
 22971 | Orc:2    | Identified the +6 great mace of Qarog {vorpal, Str+3 Dex+4}
 22971 | Orc:2    | Identified the +9 great mace of Distant Shores {spect,
                  | Fragile Will+ Dex+3}
 23097 | Orc:2    | Found a transporter.
 23252 | Orc:2    | Reached skill level 13 in Polearms
 23325 | Orc:2    | Found a roughly hewn altar of Beogh.
 23477 | Orc:2    | Killed DildoBatman's ghost
 23644 | Orc:1    | Received a gift from Okawaru
 23679 | Orc:1    | Killed Sensen's ghost
 23999 | D:13     | Reached skill level 14 in Polearms
 24472 | D:13     | Found a gate to the Vaults.
 25005 | D:13     | Found Weareyne's Serpentskin Sales.
 25320 | D:14     | Reached XP level 17. HP: 133/133 MP: 26/26
 25679 | D:14     | Got a coiled bone ring
 26013 | D:15     | Entered Level 15 of the Dungeon
 26190 | D:14     | Received a gift from Okawaru
 26326 | D:15     | Found a staircase to the Depths.
 26333 | D:15     | Received a gift from Okawaru
 26394 | D:15     | Reached skill level 15 in Polearms
 26442 | D:15     | Received a gift from Okawaru
 26475 | D:15     | Got a crude trident {god gift}
 27126 | D:15     | Received a gift from Okawaru
 27127 | D:15     | Got a twisted shortbow {god gift}
 27167 | D:15     | Identified the +7 shortbow of Nappaeps {speed, rElec rN++
                  | Str-5} (Okawaru gifted it to you on level 15 of the
                  | Dungeon)
 27168 | D:15     | Identified the +0 trident of Instant Death {venom, MP+9}
                  | (Okawaru gifted it to you on level 15 of the Dungeon)
 27174 | D:15     | Found a broken altar of Ashenzari.
 27298 | D:15     | Reached skill level 10 in Armour
 27475 | D:15     | Found a runed translucent door.
 27746 | D:15     | Noticed a shadow dragon
 27746 | D:15     | an iron troll changed into a shadow dragon
 27748 | D:15     | a shadow dragon changed into a fire giant
 27978 | D:10     | Identified the ring "Itsital" {*Drain Int+6 Dex+7} (You
                  | found it on level 14 of the Dungeon)
 28050 | Spider:1 | Entered Level 1 of the Spider Nest
 28348 | Spider:1 | Noticed Agnes
 28367 | Spider:1 | Killed Agnes
 28368 | Spider:1 | Reached skill level 16 in Polearms
 28442 | Spider:1 | Identified a scroll of acquirement
 28443 | Spider:1 | Acquired 1162 gold pieces
 28463 | Spider:1 | Received a gift from Okawaru
 28494 | Spider:1 | Reached XP level 18. HP: 144/144 MP: 27/27
 28912 | Spider:1 | Received a gift from Okawaru
 30120 | Spider:2 | Received a gift from Okawaru
 30950 | Spider:2 | Noticed Azrael
 30980 | Spider:2 | Killed Azrael
 32650 | Spider:3 | Reached skill level 17 in Polearms
 32656 | Spider:3 | Reached XP level 19. HP: 153/153 MP: 28/28
 33261 | Spider:4 | Entered Level 4 of the Spider Nest
 33279 | Spider:3 | Received a gift from Okawaru
 35464 | Spider:4 | Reached skill level 15 in Fighting
 35551 | Spider:4 | Received a gift from Okawaru
 35926 | Spider:4 | Got a gossamer rune of Zot
 36289 | Vaults:1 | Entered Level 1 of the Vaults
 36408 | Vaults:1 | Received a gift from Okawaru
 36409 | Vaults:1 | Reached skill level 1 in Evocations
 36524 | Vaults:1 | Noticed an Ice Fiend
 36549 | Vaults:1 | Received a gift from Okawaru
 36550 | Vaults:1 | Found the +7 sceptre of Torment {pain, torment}
 36771 | Vaults:1 | Reached skill level 1 in Maces & Flails
 36919 | Vaults:1 | Reached skill level 18 in Polearms
 36936 | Vaults:1 | Reached XP level 20. HP: 147/164 MP: 27/29
 37217 | Vaults:1 | Received a gift from Okawaru
 37400 | Vaults:1 | Received a gift from Okawaru
 37454 | Vaults:1 | Found a runed translucent door.
 37465 | Vaults:1 | Noticed Xystreqa's ghost (adept DEWz)
 37480 | Vaults:1 | Killed Xystreqa's ghost
 37895 | Vaults:1 | Received a gift from Okawaru
 38159 | Vaults:1 | Reached skill level 5 in Maces & Flails
 38633 | Vaults:2 | Noticed Boris
 38650 | Vaults:2 | Killed Boris
 38764 | Vaults:2 | Received a gift from Okawaru
 38795 | Vaults:2 | Got an encrusted shortbow {god gift}
 39039 | Vaults:2 | Found Faneavuma's Assorted Antiques.
 39162 | Vaults:2 | Found a radiant altar of Vehumet.
 39893 | Vaults:2 | Received a gift from Okawaru
 40167 | Vaults:2 | Found a staircase to the Crypt.
 40273 | Vaults:2 | Reached XP level 21. HP: 170/172 MP: 30/30
 40657 | Vaults:3 | Received a gift from Okawaru
 40661 | Vaults:3 | Reached skill level 19 in Polearms
 40670 | Vaults:3 | Received a gift from Okawaru
 40671 | Vaults:3 | Found the +12 glaive of Prune {vorpal}
 40688 | Vaults:3 | Identified the +10 shortbow of Okawaru's Approval {freeze,
                  | +Inv rElec Int+3 Dex+2} (Okawaru gifted it to you on level
                  | 2 of the Vaults)
 40912 | Vaults:3 | Received a gift from Okawaru
 41400 | Vaults:3 | Found Gigrocw's General Store.
 41650 | Vaults:3 | Received a gift from Okawaru
 41843 | Vaults:3 | Reached skill level 10 in Maces & Flails
 42990 | Vaults:4 | Reached XP level 22. HP: 182/182 MP: 31/31
 43483 | Vaults:4 | Noticed Mennas
 43525 | Vaults:4 | Killed Mennas
 43525 | Vaults:4 | Received a gift from Okawaru
 43528 | Vaults:4 | Received a gift from Okawaru
 43532 | Vaults:4 | Reached skill level 1 in Stealth
 43944 | Vaults:4 | Reached skill level 20 in Polearms
 43955 | Vaults:4 | Noticed Saint Roka
 43972 | Vaults:4 | Killed Saint Roka
 44637 | Shoals:1 | Entered Level 1 of the Shoals
 44945 | Shoals:1 | Received a gift from Okawaru
 45334 | Shoals:1 | Noticed Aizul
 45348 | Shoals:1 | Killed Aizul
 45679 | Shoals:1 | Reached skill level 1 in Necromancy
 45934 | Shoals:1 | Received a gift from Okawaru
 46531 | Shoals:2 | Received a gift from Okawaru
 47059 | Shoals:3 | Received a gift from Okawaru
 47299 | Shoals:3 | Found the +8 whip "Snakebite" {curare, rPois}
 47364 | Shoals:3 | Reached XP level 23. HP: 182/190 MP: 32/32
 47404 | Shoals:3 | Identified the Compendium of Companions and Orientation
 47892 | Shoals:4 | Entered Level 4 of the Shoals
 48110 | Shoals:4 | Got a barnacled rune of Zot
 49735 | Vaults:5 | Entered Level 5 of the Vaults
 49750 | Vaults:5 | Noticed Boris
 49767 | Vaults:5 | Received a gift from Okawaru
 49861 | Vaults:4 | Received a gift from Okawaru
 50058 | Vaults:5 | Received a gift from Okawaru
 50105 | Vaults:4 | Killed Boris
 50416 | Vaults:5 | Reached skill level 5 in Evocations
 50437 | Vaults:5 | Received a gift from Okawaru
 50444 | Vaults:5 | Reached XP level 24. HP: 177/200 MP: 22/32
 51048 | Vaults:5 | Received a gift from Okawaru
 51263 | Vaults:5 | Noticed a golden dragon
 51555 | Vaults:4 | Killed a golden dragon
 52582 | Vaults:5 | Found Iddelih's Weapon Shoppe.
 52676 | Vaults:5 | Identified the +8 falchion "Woticly" {freeze, Will- Str+4}
 52682 | Vaults:5 | Found Uluo's General Store.
 52703 | Vaults:5 | Bought a potion of mutation for 104 gold pieces
 52703 | Vaults:5 | Bought a scroll of enchant armour for 97 gold pieces
 52820 | Vaults:5 | Received a gift from Okawaru
 52826 | Vaults:5 | Got a shimmering longbow {god gift}
 52827 | Vaults:5 | Identified the +2 longbow of Anguish {vorpal, rPois Int+3}
                  | (Okawaru gifted it to you on level 5 of the Vaults)
 53278 | Vaults:5 | Noticed a golden dragon
 53286 | Vaults:5 | Killed a golden dragon
 53469 | Vaults:5 | Identified Rodug's Papyrus of Creation
 53857 | Vaults:5 | Identified the +9 long sword of the Four Nightcaps {vorpal,
                  | rElec rPois}
 53858 | Vaults:5 | Noticed a golden dragon
 53869 | Vaults:5 | Killed a golden dragon
 53902 | Vaults:5 | Identified the Volume of Curses and the Escort
 53934 | Vaults:5 | Got a silver rune of Zot
 53940 | Vaults:5 | Got a twisted robe
 53941 | Vaults:5 | Identified the +1 robe "Iwexag" {rElec} (You found it on
                  | level 5 of the Vaults)
 54411 | Depths:1 | Entered Level 1 of the Depths
 54488 | Depths:1 | Reached skill level 15 in Bows
 54492 | Depths:1 | Reached XP level 25. HP: 206/210 MP: 32/32
 54547 | Depths:1 | Received a gift from Okawaru
 54822 | Depths:1 | Reached skill level 21 in Polearms
 55241 | Depths:1 | Found a gateway to Hell.
 55471 | Orc:2    | Bought a book of the Tempests for 1190 gold pieces
 55481 | Orc:2    | Learned a level 9 spell: Shatter
 55886 | Depths:1 | Reached skill level 1 in Earth Magic
 56042 | Depths:1 | Found a gateway to a ziggurat.
 56227 | Depths:1 | Received a gift from Okawaru
 56228 | Depths:1 | Got a pair of bloodstained boots {god gift}
 56229 | Depths:1 | Identified the +0 pair of boots of Viudys {+Fly rElec Int-4
                  | Stlth+} (Okawaru gifted it to you on level 1 of the Depths)
 57731 | Depths:2 | Noticed a juggernaut
 57741 | Depths:2 | Killed a juggernaut
 58124 | Depths:2 | Found a portal to a secret trove of treasure.
 58199 | Depths:2 | Reached skill level 10 in Evocations
 58410 | Depths:3 | Received a gift from Okawaru
 58543 | Depths:3 | Reached skill level 5 in Earth Magic
 58614 | Depths:3 | Reached XP level 26. HP: 217/220 MP: 32/32
 58619 | Depths:3 | Received a gift from Okawaru
 58620 | Depths:3 | Got a brightly glowing chain mail {god gift}
 58621 | Depths:3 | Identified the +0 chain mail of Amorality {rElec Dex+4}
                  | (Okawaru gifted it to you on level 3 of the Depths)
 58840 | Depths:3 | Noticed a juggernaut
 58866 | Depths:3 | Killed a juggernaut
 59104 | Depths:3 | Learned a level 5 spell: Lee's Rapid Deconstruction
 59624 | Depths:3 | Received a gift from Okawaru
 59756 | Depths:3 | Found a one-way gate leading to the halls of Pandemonium.
 59773 | Depths:2 | Found the +0 staff of Battle
 59986 | Depths:3 | Reached skill level 15 in Armour
 60060 | Depths:4 | Received a gift from Okawaru
 60158 | Depths:4 | Received a gift from Okawaru
 60746 | Depths:4 | Found a corrupted altar of Lugonu.
 60747 | Depths:4 | Found a one-way gate to the infinite horrors of the Abyss.
 60825 | Depths:4 | Learned a level 5 spell: Fireball
 61039 | Depths:5 | Entered Level 5 of the Depths
 61287 | Depths:4 | Reached skill level 1 in Conjurations
 61287 | Depths:4 | Reached XP level 27. HP: 229/231 MP: 31/32
 61290 | Depths:4 | Reached skill level 1 in Fire Magic
 61338 | Depths:4 | Received a gift from Okawaru
 61515 | Depths:5 | Acquired a book of Death
 61522 | Depths:5 | Learned a level 4 spell: Dispel Undead
 61576 | Depths:5 | Received a gift from Okawaru
 61620 | Depths:5 | Reached skill level 1 in Spellcasting
 61637 | Depths:5 | Reached skill level 22 in Polearms
 61655 | Depths:5 | Found a gate to the Realm of Zot.
 61661 | Depths:5 | Received a gift from Okawaru
 61675 | Depths:5 | Got a pair of crude gloves {god gift}
 61720 | Depths:5 | Found a magical portal.
 61729 | WizLab   | Entered Cigotuvi's Fleshworks
 61908 | WizLab   | Gained mutation: Your magical capacity is low. (-10% MP)
                  | [mutagenic glow]
 61923 | WizLab   | Gained mutation: You are weak. (Str -2) [mutagenic glow]
 61934 | WizLab   | Gained mutation: You occasionally shout uncontrollably at
                  | your foes. [mutagenic glow]
 62180 | WizLab   | Got a scorched amber ring
 62188 | WizLab   | Identified the +0 pair of gloves of Autotheism {Harm
                  | Rampage} (Okawaru gifted it to you on level 5 of the
                  | Depths)
 62189 | WizLab   | Identified the ring of Imeow {*Corrode rPois Will- Str+6
                  | SInv} (You found it in a wizard's laboratory)
 62479 | WizLab   | Lost mutation: You are weak. (Str -2) [potion of mutation]
 62479 | WizLab   | Gained mutation: You are dopey. (Int -2) [potion of
                  | mutation]
 62479 | WizLab   | Gained mutation: You sometimes yell uncontrollably at your
                  | foes. [potion of mutation]
 62479 | WizLab   | Gained mutation: Armour fits poorly on your strangely
                  | shaped body. [potion of mutation]
 62479 | WizLab   | Gained mutation: Your muscles are strong. (Str +2) [potion
                  | of mutation]
 62480 | WizLab   | Lost mutation: Your magical capacity is low. (-10% MP)
                  | [potion of mutation]
 62480 | WizLab   | Lost mutation: Your muscles are strong. (Str +2) [potion of
                  | mutation]
 62480 | WizLab   | Lost mutation: Armour fits poorly on your strangely shaped
                  | body. [potion of mutation]
 62480 | WizLab   | Lost mutation: You sometimes yell uncontrollably at your
                  | foes. [potion of mutation]
 62480 | WizLab   | Gained mutation: You are surrounded by a mild repulsion
                  | field. (EV +2) [potion of mutation]
 62482 | WizLab   | Lost mutation: You occasionally shout uncontrollably at
                  | your foes. [potion of mutation]
 62482 | WizLab   | Lost mutation: You are dopey. (Int -2) [potion of mutation]
 62482 | WizLab   | Gained mutation: You possess an exceptional clarity of
                  | mind. [potion of mutation]
 62482 | WizLab   | Gained mutation: Armour fits poorly on your strangely
                  | shaped body. [potion of mutation]
 62482 | WizLab   | Gained mutation: You are partially covered in large bone
                  | plates. (SH +4) [potion of mutation]
 62482 | WizLab   | Gained mutation: Your system is resistant to poisons.
                  | (rPois) [potion of mutation]
 62483 | WizLab   | Lost mutation: Your system is resistant to poisons. (rPois)
                  | [potion of mutation]
 62483 | WizLab   | Lost mutation: You possess an exceptional clarity of mind.
                  | [potion of mutation]
 62483 | WizLab   | Gained mutation: Your muscles are strong. (Str +2) [potion
                  | of mutation]
 62483 | WizLab   | Gained mutation: You are partially covered in iridescent
                  | scales. (AC +2) [potion of mutation]
 62483 | WizLab   | Gained mutation: You possess an exceptional clarity of
                  | mind. [potion of mutation]
 62644 | WizLab   | Identified Cigotuvi's Almanac of Black Magic
 62877 | Depths:5 | Noticed a juggernaut
 62893 | Depths:5 | Killed a juggernaut
 63557 | Depths:5 | Found the +5 robe of Misfortune {*Contam Harm *Corrode
                  | *Drain *Slow EV+5}
 63636 | Depths:5 | Noticed a juggernaut
 63644 | Depths:5 | Killed a juggernaut
 63644 | Depths:5 | Received a gift from Okawaru
 64152 | D:10     | Lost mutation: Armour fits poorly on your strangely shaped
                  | body. [potion of mutation]
 64152 | D:10     | Lost mutation: You are surrounded by a mild repulsion
                  | field. (EV +2) [potion of mutation]
 64152 | D:10     | Lost mutation: Your muscles are strong. (Str +2) [potion of
                  | mutation]
 64152 | D:10     | Gained mutation: You have sharp toenails. [potion of
                  | mutation]
 64152 | D:10     | Gained mutation: You expend magic power (3 MP) to
                  | strengthen your wands. [potion of mutation]
 64280 | Elf:1    | Entered Level 1 of the Elven Halls
 64584 | Elf:1    | Identified Vehumet's Compendium of Supportive Conjuration
 64784 | Elf:1    | Found a runed translucent door.
 64785 | Elf:1    | Noticed Xaigour's ghost (adept TeSu)
 64819 | Elf:1    | Reached skill level 10 in Earth Magic
 64910 | Elf:1    | Found Ivvytax's Distillery.
 64910 | Elf:1    | Found Zeema Vuc's Antique Weapon Boutique.
 64924 | Elf:1    | Bought a potion of heal wounds for 70 gold pieces
 64924 | Elf:1    | Bought a potion of curing for 42 gold pieces
 64924 | Elf:1    | Bought a potion of curing for 42 gold pieces
 65294 | Elf:1    | Killed Xaigour's ghost
 65529 | Elf:2    | Found a huge runed translucent gate.
 65529 | Elf:2    | Found a huge runed translucent gate.
 65529 | Elf:2    | Found a huge runed translucent gate.
 65529 | Elf:2    | Found a huge runed translucent gate.
 65535 | Elf:2    | Found a huge runed translucent gate.
 65880 | Elf:2    | Received a gift from Okawaru
 66159 | Elf:2    | Reached skill level 5 in Fire Magic
 66401 | Elf:3    | Entered Level 3 of the Elven Halls
 66726 | Elf:3    | Reached skill level 5 in Conjurations
 66798 | Elf:3    | Found a runed translucent gate.
 66800 | Elf:3    | Found a runed translucent gate.
 66802 | Elf:3    | Noticed RepoMan's ghost (adept KoDe)
 66807 | Elf:3    | Found a runed translucent gate.
 66858 | Elf:3    | Acquired the +0 cloak of Bad Feelings {rN+++}
 67012 | Elf:3    | Found an ancient bone altar of Kikubaaqudgha.
 67304 | Elf:3    | Reached skill level 5 in Spellcasting
 68035 | Elf:3    | Identified the +6 long sword "Pisk" {drain, rN++}
 68082 | Elf:3    | Identified the +10 spear of the Toadstool {freeze, +Inv
                  | Str+4 SInv}
 68095 | Elf:3    | Identified the +4 rapier of Firise Zuag {vamp, rPois rC++}
 68109 | Elf:3    | Identified the amulet "Saapoph" {RegenMP rC- MP+9 Dex+7
                  | Stlth+}
 68112 | Elf:3    | Received a gift from Okawaru
 68376 | Elf:3    | Found the +3 sling "Punk" {acid, rCorr}
 68382 | Elf:3    | Identified the Incunabulum of Poisoning
 68488 | Elf:3    | Found Biuditui's General Store.
 68527 | Elf:3    | Bought 2 potions of curing for 96 gold pieces
 68729 | Elf:3    | Found an iron altar of Okawaru.
 68748 | Elf:3    | Killed RepoMan's ghost
 68748 | Elf:3    | Received a gift from Okawaru
 68782 | Elf:3    | Got a pair of pitted gloves
 68783 | Elf:3    | Identified the +0 pair of gloves "Nujaoniwk" {rF+} (You
                  | found it on level 3 of the Elven Halls)
 69728 | Zot:1    | Entered Level 1 of the Realm of Zot
 70549 | Zot:1    | Received a gift from Okawaru
 70858 | Zot:1    | Received a gift from Okawaru
 71907 | Zot:2    | Noticed a Killer Klown
 71918 | Zot:1    | Killed a Killer Klown
 72714 | Zot:2    | Reached skill level 23 in Polearms
 73971 | Zot:2    | You fall into a shaft and drop 1 floor!
 74017 | Zot:2    | You fall into a shaft and drop 1 floor!
 74056 | Zot:3    | Found a transporter.
 74059 | Zot:3    | Noticed Flapstick's ghost (legendary HaBe)
 74062 | Zot:3    | Noticed a shard shrike
 74073 | Zot:3    | Noticed a shard shrike
 74643 | Zot:3    | Received a gift from Okawaru
 74646 | Zot:3    | Got an ancient halberd {god gift}
 74647 | Zot:3    | Identified the +9 halberd of Ristryza {flame, +Blink Str+2}
                  | (Okawaru gifted it to you on level 3 of the Realm of Zot)
 74934 | Zot:3    | You fall into a shaft and drop 1 floor!
 75444 | Zot:3    | Found a transporter.
 75445 | Zot:3    | Noticed a shard shrike
 75714 | Zot:3    | Noticed a shard shrike
 76587 | Zot:4    | Received a gift from Okawaru
 77274 | Zot:5    | Entered Level 5 of the Realm of Zot
 77443 | Zot:5    | Received a gift from Okawaru
 78077 | Zot:5    | Noticed an ancient lich
 78078 | Zot:5    | Noticed an ancient lich
 78115 | Zot:5    | Killed an ancient lich
 78120 | Zot:5    | Killed an ancient lich
 78408 | Zot:5    | Noticed an orb of fire
 78412 | Zot:5    | Gained mutation: You occasionally shout uncontrollably at
                  | your foes. [an orb of fire]
 78420 | Zot:5    | Killed an orb of fire
 78420 | Zot:5    | Noticed an ancient lich
 78426 | Zot:5    | Killed an ancient lich
 78428 | Zot:5    | Noticed an orb of fire
 78433 | Zot:5    | Killed an orb of fire
 78433 | Zot:5    | Received a gift from Okawaru
 78434 | Zot:5    | Noticed an orb of fire
 78440 | Zot:5    | Killed an orb of fire
 78440 | Zot:5    | Received a gift from Okawaru
 78448 | Zot:5    | Received a gift from Okawaru
 78450 | Zot:5    | Noticed an orb of fire
 78452 | Zot:5    | Gained mutation: Your muscles are strong. (Str +2) [an orb
                  | of fire]
 78458 | Zot:5    | Killed an orb of fire
 78458 | Zot:5    | Noticed an ancient lich
 78466 | Zot:5    | Killed an ancient lich
 78467 | Zot:5    | Noticed an ancient lich
 78467 | Zot:5    | Noticed a Killer Klown
 78467 | Zot:5    | Noticed an orb of fire
 78467 | Zot:5    | Noticed an orb of fire
 78468 | Zot:5    | Noticed a Killer Klown
 78471 | Zot:5    | Gained mutation: You are frail. (-10% HP) [an orb of fire]
 78475 | Zot:5    | Killed an orb of fire
 78479 | Zot:5    | Killed an ancient lich
 78486 | Zot:5    | Killed an orb of fire
 78486 | Zot:5    | Received a gift from Okawaru
 78487 | Zot:5    | Reached skill level 15 in Invocations
 78493 | Zot:5    | Killed a Killer Klown
 78497 | Zot:5    | Noticed an ancient lich
 78502 | Zot:5    | Killed an ancient lich
 78502 | Zot:5    | Received a gift from Okawaru
 78510 | Zot:5    | Received a gift from Okawaru
 78511 | Zot:5    | Reached skill level 15 in Evocations
 78511 | Zot:5    | Got a pair of dazzling gloves {god gift}
 78517 | Zot:5    | Killed a Killer Klown
 78545 | Zot:5    | Noticed an ancient lich
 78551 | Zot:5    | Killed an ancient lich
 78573 | Zot:5    | Reached skill level 10 in Fire Magic
 78594 | Zot:5    | Reached skill level 24 in Polearms
 78903 | Zot:5    | Noticed a Killer Klown
 78916 | Zot:5    | Killed a Killer Klown
 79344 | Zot:5    | Received a gift from Okawaru
 79427 | Zot:5    | Received a gift from Okawaru
 79489 | Zot:5    | Reached skill level 10 in Conjurations
 79568 | Zot:5    | Got the Orb of Zot
 79986 | D:14     | Received a gift from Okawaru
 80214 | D:$      | Escaped with the Orb!

Illustrated notes

Levels and vault maps discovered:
D:1:      ldierk_walled_garden_2, layout_rooms, chequers_serial_rivers_small_a
D:2:      layout_basic, marbit_many_paths, serial_corexii_hall,
          corexii_hall_statues_x, corexii_hall_statues_t,
          corexii_hall_statues_x, chequers_hall_statues_corner_a,
          corexii_hall_statues_x, chequers_hall_statues_corner_a,
          grunt_ministairs_15, dk_noncrumbling_4, minmay_misc_feat_doors,
          serial_bayou_pond_a
D:3:      cheibrodos_old_hovel, layout_loops_ring, led_sif_book,
          minmay_misc_feat_pillars, uniq_terence
D:4:      layout_cave_pools, nicolae_overflow_crystal_walls,
          kennysheep_okawaru_gauntlet, portal_sewer_entry_d
D:5:      layout_rooms, cheibriados_altar_2, uniq_menkaure, uniq_eustachio,
          uniq_grinder, uniq_sigmund
D:6:      layout_basic, gammafunk_ghost_mausoleum, uniq_crazy_yiuf_cottage,
          uniq_blork_the_orc
D:7:      layout_loops_cross, nicolae_qazlal_eye_of_the_storm,
          minmay_temple_entry_nine_rooms
D:8:      layout_loops_ring, gammafunk_temple_of_torment
D:9:      layout_loops_ring, special_room [special_room_orc], basic_altar,
          minmay_unpleasant_kobolds, uniq_erica
D:10:     layout_rooms, david_lair_shrubbed, orc_0_dummy, uniq_sonja
D:11:     layout_rooms
D:12:     minmay_the_grid_triangle_9x9_rhombus_full_mashed
          [minmay_the_grid_triangle_9x9_minimal,
          minmay_the_grid_triangle_9x9_corruption,
          minmay_the_grid_triangle_9x9_fully_insulated_deathbox,
          minmay_the_grid_triangle_9x9_steps,
          minmay_the_grid_triangle_9x9_skeleton,
          minmay_the_grid_triangle_9x9_empty,
          minmay_the_grid_triangle_9x9_dagger,
          minmay_the_grid_triangle_9x9_prize_center], layout_rooms
D:13:     layout_layer_cave, grunt_vaults_entry_tiered,
          minmay_stone_trees_small, guppyfry_shop_venom
D:14:     layout_irregular_city, minmay_crystal_water
D:15:     gammafunk_depths_entry_grave, layout_stronghold,
          nicolae_ashenzari_panopticon, amethyst_killhole, minivault_13
Lair:1:   lemuel_slime, layout_chaotic_city, beast_lair_carwin_8
Lair:2:   layout_misc_corridors, shoals_dummy_entry, forest_entry_grove,
          grunt_megastairs_3, infiniplex_staircase_pool_2, lemuel_fruit_tree,
          serial_bayou_shore_b
Lair:3:   layout_cellular_growth, serial_bayou_shore_a
Lair:4:   layout_regular_city, spider_nest_entry_webs
Lair:5:   layout_regular_city, slime_dummy, patterned_corridor, uniq_josephine
Lair:6:   hangedman_lair_caniforms_friends, layout_layer_cave,
          gauntlet_entry_generic, grunt_forest_stairs_basic, grunt_megastairs_5
Shoals:1: layout_shoals, uniq_aizul
Shoals:2: layout_shoals
Shoals:3: cheibrodos_shoals_satyrical_garden, layout_shoals, overgrown_hall
Shoals:4: shoals_end_simple, layout_shoals
Spider:1: layout_chambers, guppyfry_spider_mini_1, uniq_agnes
Spider:2: hangedman_creepy_crawlies, uniq_azrael
Spider:3: layout_spider_delve
Spider:4: grunt_spider_rune_circles, hangedman_spider_mandibles,
          hangedman_stitches_earthworm
Orc:1:    layout_diamond_mine, portal_ice_cave_entry_imps,
          gammafunk_ghost_smash, uniq_harold
Orc:2:    grunt_orc_gardens, layout_caves, grunt_orc_garden, grunt_orc_garden,
          grunt_orc_garden, grunt_orc_garden, gammafunk_ghost_smash,
          lightli_church_of_beogh
Elf:1:    elf_arrival_002, layout_geoelf_octagon, ebering_ghost_inner_flame,
          minmay_elf_sorcery, minmay_shoptagon
Elf:2:    layout_loops_cross, corexii_hall_statues_u
Elf:3:    minmay_elf_hall_x, layout_gridlike, serial_shops, nicolae_shop_trees,
          gammafunk_ghost_fury_of_okawaru, basic_altar, grunt_ministairs_10
Vaults:1: gammafunk_vaults_ghost_grave, nicolae_vaults_three_branches,
          hangedman_vaults_stretched_pinwheel, vaults_standard_mumra_x,
          v_alt_pattern_2, v_pattern_4, vaults_room_grunt_arrival_ludios,
          v_misc_5, vaults_dpeg_ring, grunt_vaults_focal, layout_vaults_omnibox
Vaults:2: blue_anna_dwarven_crypt, v_misc_23, vaults_room_fancy_cross,
          nicolae_vaults_fighting_squares, vaults_room_corners, v_alt_pattern_6,
          nicolae_vaults_big_ls, hangedman_vaults_nodes,
          nicolae_vaults_network_quinsquares
          [nicolae_vaults_network_quincunx_subvault,
          nicolae_vaults_network_quincunx_subvault,
          nicolae_vaults_network_quincunx_subvault,
          nicolae_vaults_network_quincunx_subvault], vaults_room_fancy_cross,
          vaults_room_corners, grunt_vaults_hallway_long, vaults_room_hallway,
          nicolae_vaults_angled_halls, hangedman_vaults_stretched_pinwheel,
          vaults_dpeg_cross, layout_vaults_big_cross, basic_altar, serial_shops,
          shop_fountains, uniq_boris
Vaults:3: nicolae_vaults_display_case, ontoclasm_vaults_spin,
          nicolae_vaults_little_squares_2, nicolae_vaults_little_squares_4,
          hangedman_vaults_restitches, nicolae_vaults_border_crossing,
          layout_vaults_omnigrid, serial_shops, shop
Vaults:4: v_misc_22, v_rooms_3, st_diamondy, vaults_room_pool,
          hangedman_vaults_pinch, nicolae_vaults_shelves_hall,
          nicolae_vaults_angled_halls, v_misc_15, vaults_mumra_minichess,
          grunt_vaults_hallway_long, nicolae_vaults_alarming,
          layout_vaults_ring, uniq_saint_roka, uniq_mennas
Vaults:5
Depths:1: layout_basic, enter_ziggurat_d, grunt_hell_entry_demonic_statue,
          hangedman_abyss_or_decor_stagger, minmay_misc_feat_room,
          serial_sigils_hangedman_confine, serial_sigils_hangedman_leer,
          chequers_serial_rivers_micro_e, water_boxes_lemuel
Depths:2: thingy_vault, layout_gridlike, amcnicky_mini_pool_small,
          nicolae_trove_entry_crystal, pf_hell_entry_tar_river, st_stairs_6,
          firewood_loft, minmay_staircase_windowed_small
Depths:3: grunt_runaround [grunt_runaround_doors_1, grunt_runaround_doors_2,
          grunt_runaround_doors_3, grunt_runaround_doors_4,
          grunt_runaround_loot], pan_entry, hell_entry
Depths:4: evilmike_marble_ring, layout_basic, hangedman_decor_peaks_small,
          abyss_entry_flame_altar, hell_entry
Depths:5: grunt_zot_entry_alcove, layout_gridlike, mu_enter_wizlab_4,
          abyss_entry, hellmouth_1, minmay_misc_feat_iff
Zot:1:    layout_twisted_circle, hangedman_zot_wheel_spokes
Zot:2:    layout_misc_corridors
Zot:3:    nicolae_zot_stationary_front, layout_misc_corridors,
          gammafunk_ghost_berserking_beasts, lemuel_elevator
Zot:4:    kennysheep_spiral_hall, layout_twisted_circle
Zot:5:    layout_gridlike

Skill      XL: |  1  2  3  4  5  6  7  8  9 10 11 12 13 14 15 16 17 18 19 20 21 22 23 24 25 26 27 |
---------------+----------------------------------------------------------------------------------+-----
Shields        | 4 5 6 7 8 10 11 12 14 15 17 | 17.1
Polearms       | 3 4 5 6 7 8 9 10 12 14 16 17 18 19 20 21 24 | 24.2
Armour         | 4 5 6 7 8 9 10 11 12 13 14 15 16 | 16.2
Fighting       | 4 5 6 7 8 9 10 12 13 14 15 16 17 18 19 20 21 23 | 23.9
Bows           | 1 3 5 6 7 8 9 10 11 12 13 14 15 | 15.5
Dodging        | 1 2 |  2.6
Invocations    | 4 6 8 9 11 12 15 | 15.0
Evocations     | 1 2 5 8 10 11 15 | 15.0
Maces & Flails | 2 7 10 13 14 | 14.9
Stealth        | 2 |  2.8
Necromancy     | 2 3 |  3.5
Earth Magic    | 5 8 14 | 14.4
Conjurations   | 1 10 | 10.0
Fire Magic     | 10 | 10.5
Spellcasting   | 9 |  9.0

Action                   |  1- 3 |  4- 6 |  7- 9 | 10-12 | 13-15 | 16-18 | 19-21 | 22-24 | 25-27 || total
-------------------------+-------+-------+-------+-------+-------+-------+-------+-------+-------++-------
Melee: Trident           |   130 |   268 |   201 |   407 |   790 |       |       |       |       ||  1796
       Glaive            |       |       |       |       |   314 |  1141 |  1131 |   562 |  1103 ||  4251
       Eveningstar       |       |       |       |       |       |       |       |   501 |       ||   501
       Bardiche          |       |       |       |       |       |       |       |       |   931 ||   931
 Fire: Shortbow          |       |    16 |   124 |   364 |   503 |   835 |   737 |   190 |  1312 ||  4081
       Longbow           |       |       |       |       |       |       |       |    58 |       ||    58
Throw: Boomerang         |       |       |       |       |       |       |       |    13 |     3 ||    16
       Javelin           |       |       |       |       |       |       |       |     4 |       ||     4
       Dart              |       |       |       |       |       |       |       |       |     3 ||     3
 Cast: Lee's Rapid Decon |       |       |       |       |       |       |       |       |     2 ||     2
Invok: Heroism           |       |       |       |     3 |     2 |     5 |     3 |     7 |     6 ||    26
       Finesse           |       |       |       |       |       |     3 |     2 |     6 |     3 ||    14
 Abil: Dig               |     1 |       |     2 |       |     2 |     5 |     3 |     2 |    32 ||    47
       Shaft Self        |       |       |     1 |       |       |       |       |       |       ||     1
       Evoke Flight      |       |       |       |       |       |       |       |     1 |     2 ||     3
       Stop Flying       |       |       |       |       |       |       |       |       |     1 ||     1
Evoke: Lightning rod     |       |       |       |       |     4 |       |     5 |     4 |     3 ||    16
       Wand              |       |       |       |       |     2 |       |     4 |    12 |     1 ||    19
       Condenser vane    |       |       |       |       |     1 |       |     2 |     5 |     3 ||    11
       Phial of floods   |       |       |       |       |       |       |       |     1 |       ||     1
  Use: Scroll            |       |     5 |     3 |     8 |    13 |     4 |       |    23 |    22 ||    78
       Potion            |       |     1 |     3 |       |       |     2 |     2 |     6 |    14 ||    28
 Stab: Confused          |       |       |       |       |     1 |       |       |     5 |       ||     6
       Held in net/web   |       |       |       |       |       |     2 |     4 |       |       ||     6
       Paralysed         |       |       |       |       |       |       |     3 |       |       ||     3
       Distracted        |       |       |       |       |       |       |       |       |     9 ||     9
Armor: Scale mail        |    51 |    68 |    35 |    21 |       |       |       |       |       ||   175
       Chain mail        |       |       |       |    33 |       |       |       |       |       ||    33
       Crystal plate arm |       |       |       |    75 |   520 |   608 |   448 |   508 |   539 ||  2698
Dodge: Dodged            |    36 |    40 |    39 |    64 |   197 |   203 |   175 |   196 |   186 ||  1136
Block: Kite shield       |    68 |    44 |       |       |       |       |       |       |       ||   112
       Tower shield      |       |    79 |   157 |   338 |  1257 |  1401 |  1117 |  1337 |  1753 ||  7439
